 Dungeon Crawl Stone Soup version 0.19.4-8-ga85b6b9 (webtiles) character file.

18 Delusionist the Insei (level 2, -8/24 HPs)
             Began as a Demonspawn Chaos Knight on Feb 9, 2017.
             Killed by divine providence
             ... invoked by an orc priest
              (13 damage)
             ... on level 4 of the Dungeon.
             The game lasted 00:03:01 (559 turns).

Delusionist the Insei (Demonspawn Chaos Knight)      Turns: 559, Time: 00:03:02

Health: -8/24      AC:  7    Str: 12    XL:     2   Next: 48%
Magic:  2/2        EV: 11    Int: 13    God:    Xom [..*...]
Gold:   67         SH:  0    Dex: 12    Spells: 0 memorised, 1 level left

rFire  . . .     SeeInvis .       - Unarmed
rCold  . . .     Gourm    .     a - +2 leather armour
rNeg   . . .     Faith    .     (no shield)
rPois  .         Spirit   .     (no helmet)
rElec  .         Reflect  .     (no cloak)
rCorr  .         Harm     .     (no gloves)
MR     .....                    (no boots)
Stlth  +.........               (no amulet)
                                (no ring)
                                (no ring)

@: very slightly contaminated
A: yellow scales 1
a: Renounce Religion


You were on level 4 of the Dungeon.
You worshipped Xom.
You were a toy of Xom.
You were not hungry.

You visited 1 branch of the dungeon, and saw 3 of its levels.

You collected 67 gold pieces.

Inventory:

Armour
 a - a +2 leather armour (worn)
 i - a +0 ring mail
Scrolls
 e - a scroll of identify {unknown}
 g - a scroll of teleportation {unknown}
Potions
 c - 2 potions of haste {unknown}
 f - a potion of ambrosia {unknown}
Comestibles
 b - a bread ration
 d - 4 chunks of flesh
 h - 2 fruits


   Skills:
 - Level 3.1 Fighting
 + Level 2.0 Armour
 + Level 1.0 Dodging
 + Level 3.2 Unarmed Combat


You had one spell level left.
You didn't know any spells.

Dungeon Overview and Level Annotations

Branches:
Dungeon (1/15)

Altars:


Innate Abilities, Weirdness & Mutations

You are partially covered in yellow scales. (AC +2)


Message History

The orc shouts!
Your extra speed is starting to run out.
A leopard gecko comes into view.
The orc priest shouts!
Found 25 stones.
You feel less exhausted.
You are lightly contaminated with residual magic.
You hear Xom's avuncular chuckle.
The orc evaporates and reforms as a frilled lizard!
You are now a toy of Xom.
Xom opens a gate.
You feel yourself slow down.
The leopard gecko hisses angrily.
You see here 25 stones.
The hound bites you but does no damage. The hound barely misses you.
The orc priest calls down the wrath of Beogh upon you.
Beogh smites you!
Ouch! That really hurt!
You die...

....).....#
......#..#..#
..#........##o#o.#
..#........##....#
.o#........l...l5#
..#........#####.#
o.#.....l.......l#
........o#######h#
.# #.....# #@# .#
#.....# #.# .#
####### ..# ..
#..# ... #..# .##.
...# .. .. #.## ##
## .. .#


You could see a hound, an orc priest, a leopard gecko, a frilled lizard and a
friendly iron imp.

Vanquished Creatures
  A dart slug (D:1)
  A leopard gecko (D:1)
  2 bats (D:1)
  4 goblins
  3 hobgoblins (D:1)
  2 frilled lizards
  A kobold (D:1)
  2 rats
16 creatures vanquished.

Notes
Turn   | Place    | Note
-------+----------+-------------------------------------------
     0 | D:1      | Delusionist the Demonspawn Chaos Knight began the quest for the Orb.
     0 | D:1      | Reached XP level 1. HP: 18/18 MP: 1/1
    72 | D:1      | XOM: butterfly on damage
   131 | D:1      | Gained mutation: You are partially covered in yellow scales. (AC +2) [demonic ancestry]
   131 | D:1      | Reached XP level 2. HP: 17/24 MP: 2/2
   255 | D:1      | XOM: silly message
   304 | D:1      | XOM: harmless Ice miscast
   415 | D:1      | Reached skill level 1 in Dodging
   424 | D:1      | XOM: harmless Tmut miscast
   446 | D:1      | You fall through a shaft!
   477 | D:2      | XOM: silly message
   492 | D:2      | You fall through a shaft for 2 floors!
   494 | D:4      | Noticed a scorpion
   501 | D:4      | XOM: potion effect (haste)
   504 | D:4      | XOM: potion effect (invisibility)
   505 | D:4      | XOM: potion effect (berserk rage)
   508 | D:4      | XOM: potion effect (haste)
   518 | D:4      | XOM: potion effect (heal wounds)
   531 | D:4      | XOM: 8-stop teleportation journey
   551 | D:4      | XOM: polymorph orc -> frilled lizard
   553 | D:4      | XOM: summons friendly iron imp
   559 | D:4      | Killed from afar by an orc priest

Skill      XL: |  1  2 |
---------------+-------+-----
Unarmed Combat | 3 |  3.2
Dodging        | 1 |  1.0
Armour         | 2 |  2.0
Fighting       | |  3.1

Action                   || total
-------------------------++-------
Melee: Unarmed           ||    57
       Punch             ||     1
Armor: Leather armour    ||    22
Dodge: Dodged            ||    41
